 Dungeon Crawl Stone Soup version 0.27-a0-291-gd9602db6ee (webtiles) character file.

Game seed: 2979180238576075123

4895 dickylongcocking the Cleaver (level 10, -6/95 HPs)
             Began as a Palentonga Chaos Knight on Feb 10, 2021.
             Was a Plaything of Xom.
             Mangled by a troll (14 damage)
             ... on level 9 of the Dungeon.
             The game lasted 00:09:35 (9159 turns).

dickylongcocking the Cleaver (PaCK)                 Turns: 9159, Time: 00:09:35

Health: -6/95      AC: 15    Str: 17    XL:     10   Next: 26%
Magic:  10/10      EV:  8    Int: 12    God:    Xom [...*..]
Gold:   64         SH: 10    Dex: 12    Spells: 9/9 levels left

rFire    . . .     SeeInvis +   E - +3 broad axe (freeze)
rCold    + . .     Faith    .   y - +0 kite shield
rNeg     . . .     Spirit   .   b - +2 leather armour
rPois    .         Reflect  .   k - +1 helmet
rElec    .         Harm     .   (no cloak)
rCorr    .         Rampage  .   (no gloves)
Will     .....                  (no barding)
Stlth    +.........             (no amulet)
HPRegen  0.25/turn              g - ring of protection from cold
MPRegen  0.12/turn              (no ring)

@: curled up
A: large, rugged brown scales 3, see invisible, deformed body, roll 1, armoured
tail, reflexive curl
a: Rolling Charge, Renounce Religion


You were on level 9 of the Dungeon.
You worshipped Xom.
You were a favourite toy of Xom.
You visited 2 branches of the dungeon, and saw 10 of its levels.

You collected 393 gold pieces.
You spent 329 gold pieces at shops.

Inventory:

Hand Weapons
 a - a +0 hand axe of chaos
 l - a +1 hand axe of venom
 s - a +0 war axe
 E - a +3 broad axe of freezing (weapon)
Armour
 b - a +2 leather armour (worn)
 k - a +1 helmet (worn)
 t - a +0 robe
 y - a +0 kite shield (worn)
 F - a +0 scale mail
Jewellery
 d - a +4 ring of evasion
 g - a ring of protection from cold (left hand)
 A - an uncursed ring of ice
 J - a +4 ring of slaying {unknown}
Wands
 m - a wand of mindburst (3)
 n - a wand of random effects (24)
 z - a wand of polymorph (12)
 B - a wand of charming (4)
 H - a wand of flame (20)
Scrolls
 e - 7 scrolls of teleportation
 h - a scroll of magic mapping
 i - 2 scrolls of remove curse
 j - 3 scrolls of amnesia
 p - a scroll of immolation
 v - 2 scrolls of identify
 w - 2 scrolls of enchant armour
Potions
 c - 8 potions of haste {unknown}
 o - a potion of curing
 q - a potion of flight {unknown}
 r - a potion of might
 u - 2 potions of berserk rage {unknown}
 x - a potion of brilliance {unknown}
 C - a potion of magic {unknown}
 D - 3 potions of mutation {unknown}
 G - a potion of invisibility {unknown}
 I - a potion of attraction {unknown}


   Skills:
 * Level 8.3 Fighting
 * Level 10.9 Axes
 - Level 1.5 Armour
 - Level 0.7 Dodging
 * Level 6.3 Shields


You had 9 spell levels left.
You didn't know any spells.
Your spell library contained the following spells:

 Spells                   Type           Power        Failure   Level
 Magic Dart               Conj           0%           56%         1
 Searing Ray              Conj           0%           71%         2
 Dazzling Flash           Conj/Hex       0%           91%         3
 Fulminant Prism          Conj/Hex       0%           100%        4
 Iskenderun's Mystic Bla  Conj/Tloc      0%           100%        4


Dungeon Overview and Level Annotations

Branches:
Dungeon (9/15)             Temple (1/1) D:5
   Lair: D:8-11         Orc: D:9-12

Altars:
Ashenzari
Cheibriados
Dithmenos
Elyvilon
Fedhas
Gozag
Hepliaklqana
Kikubaaqudgha
Makhleb
Nemelex Xobeh
Okawaru
Qazlal
Ru
Sif Muna
Trog
Uskayaw
Vehumet
Wu Jian
Xom
Yredelemnul
Zin
The Shining One

Shops:
D:5 *   D:6 !*:

Annotations:
D:6 1 runed translucent door, Snicker's ghost, weakling DsDe
D:7 3 runed translucent doors, dickylongcocking's ghost, novice PaFi


Innate Abilities, Weirdness & Mutations

You are completely covered in rugged brown scales. (AC +3, +7% HP)
You have supernaturally acute eyesight. (SInv)
Armour fits poorly on your strangely shaped body.
You can roll at nearby foes to attack.
You have a long armoured tail.
You curl defensively after being hit.


Message History

You are too injured to fight recklessly!
Unknown command.
You are too injured to fight recklessly!
You are too injured to fight recklessly!
You slice the adder zombie!!
You destroy the adder zombie!
You slash the worker ant! You freeze the worker ant.
You kill the worker ant!
You completely miss the troll. The troll bites you!
* * * LOW HITPOINT WARNING * * *
The troll claws you.
* * * LOW HITPOINT WARNING * * *
You block the troll's attack.
You closely miss the troll.
The troll is heavily wounded.
The troll bites you but does no damage. The troll claws you!
* * * LOW HITPOINT WARNING * * *
The troll claws you but does no damage. The troll bites you!
You die...
Xom titters!

#..........
..._.........#..........
..PPP.................##
............... #
............... ##
............... #.
............# #.
.......†..### ##.
......T@....# #..
............# #..
............##########..
...............##.......
....................##.#
.............^).....##..
..................#####.
................### #
.............#


You could see a troll.

Vanquished Creatures
  A boulder beetle (D:9)
  A two-headed ogre (D:7)
  Maggie (D:8)
  A komodo dragon (D:8)
  A water moccasin (D:7)
  An orc warrior (D:8)
  2 black bears (D:9)
  3 sky beasts
  An ice beast (D:8)
  A necrophage (D:8)
  7 ogres
  3 centaurs
  2 phantoms
  A bullfrog (D:8)
  A wyvern skeleton (D:9)
  A killer bee (D:7)
  4 wights (D:7)
  A crimson imp (D:2)
  A quasit (D:8)
  4 hounds
  A centaur skeleton (D:3)
  A jelly (D:7)
  A centaur zombie (D:8)
  An orc priest (D:8)
  2 bullfrog skeletons (D:5)
  3 orc wizards
  3 iguanas
  3 worker ants
  A hound skeleton (D:7)
  8 adders
  A white imp (D:5)
  2 ufetubi (D:7)
  An ooze (D:1)
  2 adder zombies
  A worm (D:3)
  3 leopard geckos
  10 orcs
  A ball python (D:4)
  8 giant cockroaches
  7 goblins
  6 hobgoblins
  14 jackals
  2 kobolds (D:3)
  6 quokkas
  8 bats
  4 frilled lizards
  A jackal zombie (D:6)
  A quokka skeleton (D:9)
  12 rats
152 creatures vanquished.

Vanquished Creatures (collateral kills)
  2 killer bees (D:7)
  A worm (D:2)
  An orc (D:7)
4 creatures vanquished.

Vanquished Creatures (others)
  2 killer bees (D:7)
  A wight (D:7)
3 creatures vanquished.

Grand Total: 159 creatures vanquished

Notes
Turn   | Place    | Note
-------+----------+-------------------------------------------
     0 | D:1      | dickylongcocking the Palentonga Chaos Knight began the
                  | quest for the Orb.
     0 | D:1      | Reached XP level 1. HP: 20/20 MP: 1/1
   198 | D:1      | Reached XP level 2. HP: 24/27 MP: 2/2
   392 | D:1      | Reached skill level 4 in Axes
   410 | D:1      | XOM: silly message
   535 | D:1      | Reached XP level 3. HP: 33/33 MP: 3/3
   929 | D:2      | XOM: noise
  1506 | D:2      | Found a burning altar of Makhleb.
  1510 | D:2      | XOM: summons friendly white imp
  1515 | D:2      | Reached skill level 5 in Axes
  1515 | D:2      | Reached XP level 4. HP: 40/40 MP: 4/4
  1533 | D:2      | XOM: cloud trail
  1904 | D:3      | XOM: smoke on damage
  1929 | D:3      | Reached skill level 6 in Axes
  1929 | D:3      | Reached XP level 5. HP: 22/48 MP: 5/5
  2179 | D:3      | Found a snail-covered altar of Cheibriados.
  2179 | D:3      | Found an opulent altar of Gozag.
  2223 | D:3      | XOM: silly message
  3034 | D:4      | Reached XP level 6. HP: 33/54 MP: 6/6
  3351 | D:5      | Entered Level 5 of the Dungeon
  3358 | D:5      | Reached skill level 7 in Axes
  3489 | D:5      | XOM is BORED!
  3489 | D:5      | XOM: silly message
  3640 | D:5      | Found a staircase to the Ecumenical Temple.
  3677 | D:5      | Reached skill level 8 in Axes
  3677 | D:5      | Gained mutation: You curl defensively after being hit.
                  | [Palentonga growth]
  3677 | D:5      | Reached XP level 7. HP: 55/60 MP: 7/7
  3684 | Temple   | Entered the Ecumenical Temple
  3714 | Temple   | XOM: god gift: worn ivory wand {god gift}
  4012 | D:5      | Reached skill level 1 in Shields
  4013 | D:5      | XOM: silly message
  4055 | D:5      | XOM: potion effect (invisibility)
  4275 | D:5      | XOM: silly message
  4347 | D:5      | Found Liarghele's Assorted Antiques.
  4362 | D:5      | Bought a glowing broad axe for 224 gold pieces
  4368 | D:5      | XOM: divination: detect items
  4548 | D:6      | XOM: butterfly on damage
  4779 | D:6      | Found Eloront's General Store.
  4867 | D:6      | Found Otwyphe's Book Emporium.
  5087 | D:6      | Found Raffitz's Distillery.
  5160 | D:6      | Found a runed translucent door.
  5160 | D:6      | Noticed Snicker's ghost (weakling DsDe)
  5183 | D:6      | XOM: noise
  5453 | D:6      | Found a white marble altar of Elyvilon.
  5453 | D:6      | Found a hide-covered altar of Uskayaw.
  5576 | D:7      | XOM: confuse monster(s)
  5577 | D:7      | Reached XP level 8. HP: 55/71 MP: 8/8
  5583 | D:7      | XOM: silly message
  5917 | D:7      | Reached skill level 5 in Fighting
  5942 | D:7      | XOM: 3-stop teleportation journey
  6085 | D:7      | Reached skill level 9 in Axes
  6218 | D:7      | XOM: 6-stop teleportation journey
  6246 | D:7      | XOM: cast spell 'Dispersal'
  6287 | D:7      | XOM: noise
  6317 | D:7      | XOM: god gift: glowing trident {god gift}
  6404 | D:7      | XOM: enchant monster (good)
  6710 | D:7      | XOM: noise
  6884 | D:6      | Bought a scroll of enchant weapon for 105 gold pieces
  6931 | D:7      | Noticed a two-headed ogre
  6935 | D:7      | Killed a two-headed ogre
  6936 | D:7      | Reached XP level 9. HP: 76/83 MP: 9/9
  7028 | D:7      | Found a runed translucent gate.
  7030 | D:7      | Found a runed translucent gate.
  7030 | D:7      | Found a runed translucent gate.
  7031 | D:7      | Noticed dickylongcocking's ghost (novice PaFi)
  7517 | D:4      | XOM: divination: magic mapping
  7680 | D:8      | Reached skill level 10 in Axes
  7680 | D:8      | XOM: noise
  7687 | D:8      | Reached skill level 5 in Shields
  7747 | D:8      | Noticed a two-headed ogre
  7747 | D:8      | Noticed a komodo dragon
  7747 | D:8      | a two-headed ogre changed into a komodo dragon
  7747 | D:8      | XOM: polymorph two-headed ogre -> komodo dragon
  7932 | D:8      | Killed a komodo dragon
  8108 | D:8      | Noticed Maggie
  8111 | D:8      | XOM: cast spell 'Shadow Creatures'
  8122 | D:8      | Killed Maggie
  8250 | D:8      | XOM: 2-stop teleportation journey
  8257 | D:8      | XOM: divination: detect creatures
  8371 | D:8      | XOM: 2-stop teleportation journey
  8778 | D:9      | Reached XP level 10. HP: 89/94 MP: 10/10
  8807 | D:9      | Noticed a boulder beetle
  8809 | D:9      | Found a hide-covered altar of Uskayaw.
  8829 | D:9      | Killed a boulder beetle
  9123 | D:9      | Found an ornate altar of the Wu Jian Council.
  9148 | D:9      | Found a bloodstained altar of Trog.
  9159 | D:9      | Mangled by a troll

Illustrated notes

Levels and vault maps discovered:
D:1:      dpeg_arrival_windows_large_door, layout_basic
D:2:      layout_loops_ring, makhleb_grotto_becter, kennysheep_nondescript,
          kennysheep_decorative_pillar, kennysheep_generic_room_16
D:3:      layout_basic, gammafunk_temple_overflow_elements, minmay_between
D:4:      layout_basic, lemuel_another_geyser
D:5:      layout_loops_ring, minmay_temple_entry_slanted, serial_shops, shop
D:6:      layout_loops_ring, gammafunk_temple_overflow_pools,
          ebering_ghost_reflecting_pool, serial_shops, shop, shop,
          nicolae_shop_stone
D:7:      layout_loops_ring, gammafunk_ghost_necromancy
D:8:      layout_basic, uniq_maggie
D:9:      layout_cross, trog_ov_bears_minmay, nzn_masters_of_martial_movement
Temple:   regret_index_temple_sphere_string

Skill      XL: |  1  2  3  4  5  6  7  8  9 10 |
---------------+-------------------------------+-----
Axes           | 4 5 6 8 9 10 | 10.9
Shields        | 2 4 5 6 |  6.3
Fighting       | 4 6 7 8 |  8.3
Armour         | |  1.5
Dodging        | |  0.7

Action                   |  1- 3 |  4- 6 |  7- 9 | 10-12 || total
-------------------------+-------+-------+-------+-------++-------
Melee: Hand axe          |    90 |   120 |    32 |       ||   242
       Tailslap          |     5 |    14 |    16 |     5 ||    40
       Broad axe         |       |       |   205 |    20 ||   225
 Abil: Rolling Charge    |    19 |     1 |    23 |     2 ||    45
Evoke: Wand              |       |       |     5 |    10 ||    15
  Use: Scroll            |       |     8 |    11 |       ||    19
       Potion            |       |       |     4 |     1 ||     5
 Stab: Invisible         |       |       |     2 |       ||     2
       Sleeping          |       |       |     1 |       ||     1
       Betrayed ally     |       |       |     1 |       ||     1
Armor: Leather armour    |    36 |    17 |    95 |     8 ||   156
       Robe              |       |     9 |       |       ||     9
       Skin              |       |    11 |     8 |     3 ||    22
Dodge: Dodged            |    49 |    51 |    73 |     9 ||   182
Block: Kite shield       |       |     3 |   107 |    12 ||   122

Table legend: (Time is in decaauts)
 A = Elapsed time spent in this place.
 B = Non-inter-level travel time spent in this place.
 C = Inter-level travel time spent in this place.
 D = Time resting spent in this place.
 E = Time spent auto-exploring this place.
 F = Levels seen in this place.
 G = Mean time per level.
                   A        B        C        D        E       F      G
               +--------+--------+--------+--------+--------+-----+--------+
         Total |   9243 |   8653 |    590 |    674 |   6712 |  10 |  924.3 |
       Dungeon |   9015 |   8452 |    563 |    674 |   6515 |   9 | 1001.7 |
        Temple |    227 |    200 |     27 |      0 |    197 |   1 |  227.0 |
               +--------+--------+--------+--------+--------+-----+--------+

Top non-repeatable levels by time:
     D:7: 1631 daAuts
     D:4: 1154 daAuts
     D:8: 1125 daAuts
     D:6: 1076 daAuts
     D:5: 1003 daAuts
     D:1: 935 daAuts
     D:2: 881 daAuts
     D:3: 789 daAuts
     D:9: 418 daAuts
  Temple: 227 daAuts
